AoeStats
← Osmanidas

Arena

509810321Analyzed
1v1 RM · 4d ago on Sep 28, 2026· 39m 32s· 2 players
Game mode
Random Map
Map size
Tiny (2 player)
Population
200
Speed
Normal
Resources
Standard
Victory
Conquest
Starting age
Dark Age
Ending age
Imperial Age
RankedLock teamsTeams togetherTeam positionsShared explorationLock speedFull tech treeHidden civsTurbo modeCheats
Victory
Defeat
🇨🇱 Byzantines · Chile
816
+17
🇹🇷 Huns · Türkiye
847
-38
anibaltobar
3:44 Loom
12:22 Feudal Age
16:17 Castle Age
15:11 Double-Bit Axe
17:47 Bow Saw
17:19 Horse Collar
23:10 Gold Mining
28:30 Stone Mining
30:42 Wheelbarrow
30:20 Forging
30:17 Scale Barding Armor
32:43 Hand Cart
33:23 Elite Skirmisher
33:57 Fletching
34:07 Padded Archer Armor
37:42 Imperial Age
35:10 Bodkin Arrow
35:56 Leather Archer Armor
36:56 Pikeman
37:37 Squires
38:52 Conscription
37:54 Halberdier
39:47 Hoardings
40:19 Iron Casting
39:44 Scale Mail Armor
40:15 Ring Archer Armor
39:46 Bracer
Osmanidas
16:46 Feudal Age
17:10 Horse Collar
17:20 Double-Bit Axe
17:03 Man-at-Arms
17:33 Arson
21:34 Loom
24:21 Castle Age
22:43 Padded Archer Armor
22:34 Fletching
22:46 Scale Mail Armor
26:46 Heavy Plow
28:47 Crossbowman
28:57 Pikeman
28:58 Long Swordsman
29:40 Squires
33:06 Bow Saw
Connection lost

Rejoining the realm…

Still unreachable

The connection could not be restored.

Session expired

The server has moved on; the page needs a fresh start.